 Dungeon Crawl Stone Soup version 0.19-a0-1384-gbb462ca (webtiles) character file.

341 st0uf the Shield-Bearer (level 6, -5/49 HPs)
             Began as a Formicid Fighter on Sept 3, 2016.
             Was an Initiate of Okawaru.
             Slain by an ice beast (9 damage)
             ... on level 6 of the Dungeon.
             The game lasted 00:12:13 (3451 turns).

st0uf the Shield-Bearer (Formicid Fighter)          Turns: 3451, Time: 00:12:15

Health: -5/49      AC:  7    Str: 27    XL:     6   Next: 87%
Magic:  6/6        EV:  9    Int:  8    God:    Okawaru [......]
Gold:   277        SH: 10    Dex: 10    Spells: 0 memorised, 5 levels left

rFire  . . .     SeeInvis +     a - +0 war axe
rCold  . . .     Gourm    .     b - +0 scale mail
rNeg   . . .     Faith    .     c - +0 shield
rPois  .         Spirit   .     (helmet unavailable)
rElec  .         Dismiss  .     (no cloak)
rCorr  .         Reflect  .     (no gloves)
MR     .....     Harm     .     (no boots)
Stlth  ..........               (no amulet)
                                (no ring)
                                (no ring)

@: mighty
A: permanent stasis, dig shafts and tunnels, four strong arms, antennae 3
a: Dig, Shaft Self, Renounce Religion


You were on level 6 of the Dungeon.
You worshipped Okawaru.
Okawaru was noncommittal.
You were not hungry.

You visited 2 branches of the dungeon, and saw 6 of its levels.

You collected 277 gold pieces.

Inventory:

Hand Weapons
 a - a +0 war axe (weapon)
Armour
 b - a +0 scale mail (worn)
 c - a +0 shield (worn)
Jewellery
 C - an uncursed amulet of faith {unknown}
Wands
 y - a wand of paralysis (12/24)
 A - a wand of paralysis (9/24)
Scrolls
 d - 2 scrolls of identify {unknown}
 e - 2 scrolls of teleportation {unknown}
 g - 4 scrolls of enchant weapon {unknown}
 l - 2 scrolls of fear {unknown}
 m - 3 scrolls of remove curse {unknown}
 n - a scroll of recharging {unknown}
 t - a scroll of amnesia {unknown}
 D - a scroll of acquirement {unknown}
 E - a scroll of brand weapon {unknown}
Potions
 h - a potion of flight {unknown}
 i - a potion of cancellation {unknown}
 k - 2 potions of brilliance {unknown}
 o - a potion of resistance {unknown}
 r - 2 potions of mutation {unknown}
 s - 3 potions of curing {unknown}
 v - 3 potions of might
 w - a potion of haste {unknown}
 x - a potion of agility {unknown}
 z - a potion of degeneration {unknown}
Comestibles
 f - 2 bread rations
 j - 4 meat rations
 p - a beef jerky
 q - 2 fruits
 u - a slice of pizza


   Skills:
 + Level 4.5 Fighting
 * Level 4.2 Axes
 + Level 4.3 Armour
 + Level 2.1 Dodging
 + Level 4.5 Shields


You had 5 spell levels left.
You didn't know any spells.

Dungeon Overview and Level Annotations

Branches:
Dungeon (4/15)             Temple (1/1) D:4

Altars:
Ashenzari
Cheibriados
Dithmenos
Fedhas
Gozag
Kikubaaqudgha
Nemelex Xobeh
Okawaru
Qazlal
Ru
Sif Muna
Trog
Zin
The Shining One

Shops:
D:2 *


Innate Abilities, Weirdness & Mutations

You are under a permanent stasis effect.
You can dig through walls and to a lower floor.
Your four strong arms can wield two-handed weapons with a shield.
You have a pair of large antennae on your head. (SInv)


Message History

You closely miss the ice beast.
The ice beast is almost dead.
The hound moves out of view.
The ice beast hits you. The ice beast freezes you! The ice beast hits you.
The ice beast freezes you!
You closely miss the ice beast.
The ice beast is almost dead.
You block the ice beast's attack.
You closely miss the ice beast.
The ice beast is almost dead.
The ice beast hits you. The ice beast freezes you!
* * * LOW HITPOINT WARNING * * *
You closely miss the ice beast.
The ice beast is almost dead.
The ice beast barely misses you. You block the ice beast's attack.
You closely miss the ice beast.
The ice beast is almost dead.
The ice beast hits you.
* * * LOW HITPOINT WARNING * * *
The ice beast freezes you!
You die...

.. .. # .# #
#. .#.#
####.###.#.#
...........
#......h.#
....##Y####
.....>..@..#
#....##.##.#
#... #.##.#
#.. ..##.#
#. #####.# #
#.# ##.##
##...##
#.....##


You could see an ice beast and a hound.

Vanquished Creatures
  An ogre (D:6)
  A scorpion (D:4)
  A crimson imp (D:6)
  An iguana (D:6)
  4 gnolls (D:2)
  An adder (D:2)
  3 oozes (D:1)
  2 dart slugs
  A worm (D:2)
  2 giant geckos (D:1)
  6 orcs
  3 bats
  4 giant cockroaches
  10 hobgoblins
  2 jackals (D:2)
  8 kobolds
  3 ball pythons (D:1)
  7 giant newts
  11 goblins
  A jackal skeleton (D:4)
  9 rats
81 creatures vanquished.

Notes
Turn   | Place    | Note
-------+----------+-------------------------------------------
     0 | D:1      | st0uf the Formicid Fighter began the quest for the Orb.
     0 | D:1      | Reached XP level 1. HP: 18/18 MP: 1/1
    62 | D:1      | Reached XP level 2. HP: 17/24 MP: 2/2
   164 | D:1      | Reached skill level 1 in Dodging
   212 | D:1      | Reached XP level 3. HP: 29/29 MP: 3/3
  1064 | D:2      | Reached XP level 4. HP: 11/37 MP: 4/4
  1337 | D:2      | Found an opulent altar of Gozag.
  1345 | D:2      | Found Gozag's Platinum Reserve.
  1683 | D:2      | Reached XP level 5. HP: 40/42 MP: 5/5
  2788 | D:3      | Found a stormy altar of Qazlal.
  2864 | D:4      | Found a staircase to the Ecumenical Temple.
  2868 | Temple   | Entered the Ecumenical Temple
  2920 | Temple   | Became a worshipper of Warmaster Okawaru
  3081 | D:4      | Found a sparkling altar of Nemelex Xobeh.
  3154 | D:4      | Reached XP level 6. HP: 36/48 MP: 6/6
  3320 | D:4      | Noticed an ogre
  3325 | D:4      | You fall through a shaft for 2 floors!
  3375 | D:6      | Noticed an ogre
  3379 | D:6      | Killed an ogre
  3388 | D:6      | Found a glowing silver altar of Zin.
  3438 | D:6      | Noticed an ice beast
  3451 | D:6      | Slain by an ice beast

Vault maps used:
D:1:      dpeg_arrival_tiny_i, serial_corexii_hall, corexii_hall_statues_l,
          corexii_hall_statues_l, st_stairs_8, interstate_on_off,
          minmay_tetromino_i4
D:2:      nicolae_gozag_zags_fifth_avenue, first_bread
D:3:      nicolae_qazlal_eye_of_the_storm
D:4:      nemelex_altar_shiori, nemelex_dance_club_becter
D:6:      lemuel_crystal_altar, fedhas_altar_1
Temple:   eino_wide_crystal_templ

Skill      XL: |  1  2  3  4  5  6 |
---------------+-------------------+-----
Dodging        | 1 2 |  2.1
Axes           | 3 4 |  4.2
Fighting       | 4 |  4.5
Shields        | 4 |  4.5
Armour         | 4 |  4.3

Action                   |  1- 3 |  4- 6 || total
-------------------------+-------+-------++-------
Melee: War axe           |    80 |   177 ||   257
 Abil: Shaft Self        |       |     1 ||     1
  Use: Potion            |     1 |     2 ||     3
 Stab: Distracted        |       |     1 ||     1
  Eat: Chunk             |     1 |     8 ||     9
Armor: Scale mail        |    20 |    73 ||    93
Dodge: Dodged            |    29 |    53 ||    82
Block: Shield            |    39 |    83 ||   122
